 Dungeon Crawl Stone Soup version 0.15.0-12-gccce430 (webtiles) character file.

336186 RobertPalmer the Impaler (level 22, -9/174 (178) HPs)
             Began as a Human Death Knight on Aug 31, 2014.
             Was the Champion of Yredelemnul.
             Mangled by a vampire knight
             ... wielding a +0 war axe
              (10 damage)
             ... while paralysed by something
             ... on Level 2 of the Depths on Sept 1, 2014.
             The game lasted 04:06:03 (50990 turns).

RobertPalmer the Impaler (Human Death Knight)      Turns: 50990, Time: 04:06:03

HP  -9/174 (178) AC 36     Str 21      XL: 22   Next: 42%
MP  36/36        EV  2     Int 17      God: Yredelemnul [******]
Gold 2198        SH  0     Dex 22      Spells:  0 memorised, 21 levels left

rFire  + . .     SeeInvis .     a - +9 glaive (vamp)
rCold  + + +     Clarity  .     P - +7 plate armour of the Valley of Death {+Blink rF+}
rNeg   . . .     rCorr    .     (no shield)
rPois  .         rRot     .     Y - +0 helmet of Mental Paralysis {rC++}
rElec  +         Spirit   .     K - +0 cloak of Starlight {rElec rC+ EV+4 Stlth-}
SustAb .         Warding  .     H - +1 pair of gloves of Courage {+Blink}
rMut   .         Stasis   .     z - +4 pair of boots "Pnih" {Str+4}
Gourm  .                        X - amulet of faith {!P}
MR     +....                    Q - ring of Gozag's Delight {Str+3 Dex+3}
                                t - +4 ring of protection

@: paralysed, somewhat resistant to hostile enchantments, extremely unstealthy
A: clever 1, deformed body
a: Animate Dead, Recall Undead Slaves, Injury Mirror, Drain Life, Enslave Soul,
Renounce Religion, Evoke Blink
}: 3/15 runes: decaying, silver, gossamer


You were on level 2 of the Depths.
You worshipped Yredelemnul.
Yredelemnul was exalted by your worship.
You were not hungry.

You visited 8 branches of the dungeon, and saw 45 of its levels.
You visited the Abyss 1 time.
You also visited: Trove, Bailey, Ice Cave and Volcano.

You collected 5379 gold pieces.
You spent 3181 gold pieces at shops.


Innate Abilities, Weirdness & Mutations

Your mind is acute. (Int +2)
Armour fits poorly on your strangely shaped body.


   Skills:
 - Level 16.3 Fighting
 - Level 18.1 Polearms
 + Level 17.7 Armour
 - Level 17.5 Dodging
 - Level 14.4 Invocations


You had 21 spell levels left.
You didn't know any spells.

Inventory:

Hand weapons
 a - a +9 vampiric glaive (weapon)
Missiles
 G - 7 throwing nets (quivered)
Armour
 z - the +4 pair of boots "Pnih" (worn) {Str+4}
   (You found it in a treasure trove)

   It affects your strength (+4).
 H - the +1 pair of gloves of Courage (worn) {+Blink}
   (You found it in a treasure trove)

   It lets you blink.
 K - the +0 cloak of Starlight (worn) {rElec rC+ EV+4 Stlth-}
   (You found it in a treasure trove)

   It affects your evasion (+4).
   It protects you from cold.
   It insulates you from electricity.
   It makes you less stealthy.
 P - the +7 plate armour of the Valley of Death (worn) {+Blink rF+}
   (You found it on level 1 of the Vaults)

   It protects you from fire.
   It lets you blink.
 Y - the +0 helmet of Mental Paralysis (worn) {rC++}
   (You found it in a treasure trove)

   It greatly protects you from cold.
Magical devices
 k - a wand of hasting (2) {!d}
 r - a wand of fire (8)
 R - a wand of hasting (5) {!d}
 U - a wand of draining (6)
 V - a wand of digging (12)
 Z - a wand of polymorph (22) {unknown}
Comestibles
 c - 19 bread rations
 p - 12 meat rations
 D - 5 fruits
 O - a royal jelly
Scrolls
 b - 3 scrolls of silence
 d - 7 scrolls of fear
 f - 9 scrolls of teleportation
 i - 5 scrolls of immolation {!r}
 m - a scroll of fog
 n - 6 scrolls of enchant weapon
 s - a scroll of magic mapping
 u - 10 scrolls of identify
 v - 17 scrolls of remove curse
 y - 2 scrolls of amnesia
 N - 2 scrolls of recharging
 W - a scroll of brand weapon
Jewellery
 e - an uncursed ring of poison resistance
 t - a +4 ring of protection (left hand)
 x - an uncursed amulet of stasis
 B - an uncursed ring of see invisible
 M - an uncursed ring of protection from fire
 Q - the ring of Gozag's Delight (right hand) {Str+3 Dex+3}
   (You found it on level 2 of the Vaults)

   [ring of strength]

   It affects your strength (+3).
   It affects your dexterity (+3).
 S - an uncursed ring of positive energy
 X - an amulet of faith (around neck) {!P}
Potions
 g - 11 potions of curing
 h - 5 potions of resistance
 j - 4 potions of haste
 l - a potion of cure mutation
 o - 3 potions of agility
 q - a potion of might
 w - 2 potions of heal wounds
 A - 5 potions of berserk rage
 I - 6 potions of restore abilities
 J - 2 potions of porridge
 T - 7 potions of magic
Miscellaneous
 C - a fan of gales
 E - a phial of floods
 F - a stone of tremors
 L - a lamp of fire

Dungeon Overview and Level Annotations

Branches:
Dungeon (15/15)            Temple (0/1) D:6             Orc (4/4) D:9
    Elf (1/3) Orc:4          Lair (8/8) D:8           Swamp (5/5) Lair:3
 Spider (5/5) Lair:3        Slime (0/6) Lair:7       Vaults (5/5) D:14
  Crypt (0/3) Vaults:2     Depths (2/5) D:15

Altars:
Cheibriados
Makhleb
Sif Muna
Yredelemnul
Beogh
Jiyva

Shops:
D:4 (   D:12 ?![**   Orc:2 }   Orc:4 [*(=   Vaults:2 !!%*

Portals:
Hell: Depths:1
Abyss: Depths:1

######## ######
#....#(###....#
#..%H(#@#Z....#
#.....#Z#.ZD..#
#....###Z#ZD..#
.......#
###.n#.#
....$[$..
#.#..# ...$.$..
###).# ..:$!..
#..### .......
#.n#.# .##
#.#..#


You could see 2 friendly tengu zombies.


Message History

Your ghoul is destroyed!
You closely miss something. You hit something but do no damage.
You hit something but do no damage.
You hear some strange, mumbled words.
You suddenly lose the ability to move!
Something bites you.
* * * LOW HITPOINT WARNING * * *
Something draws strength from your injuries!
Unholy energy fills the air.
* * * LOW HITPOINT WARNING * * *
You hear some strange, mumbled words.
You shrug off the repeated paralysis!
Something hits you!
* * * LOW HITPOINT WARNING * * *
Something bites you.
* * * LOW HITPOINT WARNING * * *
Something draws strength from your injuries!
Something bites you.
* * * LOW HITPOINT WARNING * * *
Something draws strength from your injuries!
Something bites you!
* * * LOW HITPOINT WARNING * * *
Something draws strength from your injuries!
Something hits you!
* * * LOW HITPOINT WARNING * * *
Something hits you.
* * * LOW HITPOINT WARNING * * *
Something bites you!
You die...
Your body rises from the dead as a mindless zombie.

Action                   |  1- 3 |  4- 6 |  7- 9 | 10-12 | 13-15 | 16-18 | 19-21 | 22-24 || total
-------------------------+-------+-------+-------+-------+-------+-------+-------+-------++-------
Melee: Spear             |   147 |   204 |       |       |       |       |       |       ||   351
       Halberd           |       |    35 |   339 |   599 |   775 |  1313 |   290 |       ||  3351
       Trident           |       |       |       |   272 |    60 |       |       |       ||   332
       Glaive            |       |       |       |       |       |       |   749 |   283 ||  1032
 Fire: Blowgun           |       |       |    22 |    26 |     2 |       |       |       ||    50
Throw: Javelin           |       |       |     5 |     4 |     1 |       |       |       ||    10
       Throwing net      |       |       |       |       |       |       |     1 |       ||     1
Invok: Animate Remains   |    17 |     4 |       |       |       |       |       |       ||    21
       Animate Dead      |       |    18 |    28 |    45 |    50 |   139 |    74 |    10 ||   364
       Injury Mirror     |       |       |     1 |     1 |     2 |       |     4 |       ||     8
       Recall Undead Sla |       |       |       |       |     4 |    13 |    14 |       ||    31
       Drain Life        |       |       |       |       |     3 |     7 |    12 |       ||    22
       Enslave Soul      |       |       |       |       |       |     3 |     3 |       ||     6
 Abil: Evoke Blink       |       |       |       |       |       |       |     1 |       ||     1
Evoke: Wand              |       |       |     6 |     2 |    23 |     8 |     4 |       ||    43
       Rod               |       |       |       |     3 |       |       |       |       ||     3
       Phial of floods   |       |       |       |       |       |     1 |     2 |       ||     3
       Stone of tremors  |       |       |       |       |       |     1 |     1 |       ||     2
       Lamp of fire      |       |       |       |       |       |       |     2 |       ||     2
       Fan of gales      |       |       |       |       |       |       |     1 |       ||     1
  Use: Scroll            |       |     6 |    10 |    14 |    14 |    17 |    18 |       ||    79
       Potion            |       |     1 |     3 |    13 |     5 |     6 |     9 |     1 ||    38
 Stab: Distracted        |     1 |     1 |     4 |     6 |     9 |    36 |    27 |     4 ||    88
       Paralysed         |       |       |       |       |     2 |       |       |       ||     2
       Invisible         |       |       |       |       |     4 |       |       |       ||     4
       Confused          |       |       |       |       |       |     3 |       |       ||     3
  Eat: Chunk             |     4 |     4 |    12 |    14 |    17 |    26 |    15 |     5 ||    97
       Pizza             |       |     2 |       |       |    10 |     2 |       |       ||    14
       Beef jerky        |       |       |     1 |     5 |     2 |     2 |     2 |       ||    12
       Meat ration       |       |       |     1 |       |       |     1 |       |       ||     2
       Royal jelly       |       |       |       |     2 |       |     6 |    11 |       ||    19
       Fruit             |       |       |       |    11 |     6 |     2 |     4 |       ||    23
       Bread ration      |       |       |       |       |       |     2 |       |       ||     2

Vault maps used:
D:1:      arrival_aquarium_a
D:2:      kennysheep_cross_room, hangedman_decor_riveting,
          minmay_rats_cheesy_pizza
D:3:      first_bread
D:4:      serial_shops, shop, serial_bayou_crossing
D:5:      minmay_misc_feat_four_crosses
D:6:      minmay_temple_entry_trees
D:7:      uniq_prince_ribbit1
D:8:      lair_0_dummy, grunt_livestock, minmay_misc_feat_square
D:9:      hiddenorc1_lemuel, basic_altar, special_room, lightli_wizard_tower
D:10:     enter_trove_1, uniq_erica, uniq_fannar
D:12:     orc_0_dummy, serial_shops, shop_statue,
          nicolae_shop_temple_entry_statues_fountains, nicolae_shop_stone,
          shop_statue, shop_fountains, portal_ice_cave_entry_pillars_01,
          enter_bailey_3, zaba_anthell
D:13:     library_closet, uniq_nessos
D:14:     david_vaults_2, corexii_hall_statues_x, serial_ice, serial_ice_j,
          serial_ice_d, serial_ice_b, serial_ice_g, serial_ice_f, uniq_maud,
          uniq_louise
D:15:     grunt_enter_depths_giant_problem, yredelemnul_altar_generic
Orc:1:    guppyfry_library_mini
Orc:2:    serial_shops, shop
Orc:3:    nicolae_orc_pool_cavern
Orc:4:    basic_altar, grunt_orc_gardens, grunt_orc_garden, grunt_orc_garden,
          grunt_orc_garden, grunt_orc_garden, uniq_erolcha
Elf:1:    elf_arrival_002, minivault_26
Lair:1:   kennysheep_snail_temple, lemuel_fruit_fields, lemuel_fruit_fields,
          lemuel_fruit_tree
Lair:3:   beast_lair_carwin_large_3, swamp_mist, dummy_spider_entry,
          serial_bayou_pond_b, wad_woods_road_05
Lair:4:   nicolae_volcano_entry_vermiform, grunt_forest_small_clearing_treed,
          uniq_snorg
Lair:5:   hibernation_bobbens
Lair:6:   grunt_megastairs_2
Lair:7:   slime_altar_1, infiniplex_staircase_pool_2
Lair:8:   minmay_lair_end_frog_pond, small_statue_intersection,
          serial_bayou_shore_b, uniq_harold
Swamp:1:  serial_swamp_ruin, evilmike_swamp_ruin_house_5,
          evilmike_swamp_ruin_wall, swamp_pool1, infiniplex_staircase_pool
Swamp:2:  evilmike_swamp_ruin_rubble_1
Swamp:3:  nicolae_swamp_triple_paths, swamp_pool1, uniq_asterion
Swamp:4:  hangedman_swamp_ruin_wall, uniq_aizul
Swamp:5:  swamp_old_school
Spider:1: nicolae_spider_mines_1, special_room, spider_trap
Spider:2: nicolae_orb_island
Spider:3: hive_lemuel, uniq_kirke, uniq_norris
Spider:5: spider_rune_water
Vaults:1: st_star, vaults_dpeg_ring, nicolae_vaults_hallways_thing,
          v_alt_pattern_5, hangedman_vaults_stream, nicolae_vaults_triangles,
          v_misc_27, v_misc_16, ontoclasm_vaults_ligature,
          vaults_mumra_minichess_inversion, uniq_saint_roka
Vaults:2: nicolae_vaults_rhombus_6, nicolae_vaults_shelves_hall, v_rooms_3,
          grunt_vaults_bifocal, hangedman_vaults_nodes,
          minmay_crypt_entry_simple_round, vaults_room_hangedman_quadrants,
          vaults_mumra_minichess, hangedman_vaults_trim, vaults_dpeg_diagonal,
          serial_shops, nicolae_shop_waterfront, shop, shop, shop, basic_altar
Vaults:3: ontoclasm_vaults_decontamination, v_misc_4, nicolae_vaults_arrows,
          ontoclasm_vaults_loading_screen, v_misc_29, hangedman_vaults_trim,
          ontoclasm_vaults_gateway, v_misc_8, v_misc_4, vaults_mumra_chevron,
          vaults_room_semicircle, vaults_room_fours, serial_shops, shop
Vaults:4: v_pattern_4, hangedman_vaults_cutoff, ontoclasm_vaults_claustrophobia,
          hangedman_vaults_stagger, v_misc_9, nicolae_vaults_little_squares_3,
          vaults_room_stairs_pillars, vaults_room_stairs_pillars
Depths:1: minmay_room_of_horrors, hell_entry, kennysheep_cluttered_room,
          lemuel_flame_loot_1, infiniplex_staircase_pool_lava
Depths:2: minmay_textured_paths, enter_ziggurat_f, minmay_misc_feat_nine_boxes,
          hell_entry
Trove:    trove_armour_2
Bailey:   bailey_axe_2, bailey
IceCv:    ice_cave_small_demon
Volcano:  volcano_caves

Notes
Turn   | Place    | Note
--------------------------------------------------------------
     0 | D:1      | RobertPalmer, the Human Death Knight, began the quest for the Orb.
     0 | D:1      | Reached XP level 1. HP: 16/16 MP: 2/2
     0 | D:1      | Noticed an electric eel
   215 | D:1      | Reached XP level 2. HP: 15/22 MP: 3/3
   347 | D:1      | Reached skill level 3 in Polearms
   569 | D:1      | Reached XP level 3. HP: 27/27 MP: 5/5
  1100 | D:2      | Acquired Yredelemnul's second power
  1664 | D:2      | Reached XP level 4. HP: 26/33 MP: 6/6
  1670 | D:2      | Reached skill level 4 in Polearms
  1863 | D:2      | Acquired Yredelemnul's third power
  2222 | D:2      | Reached XP level 5. HP: 38/38 MP: 8/8
  2455 | D:2      | Reached skill level 5 in Polearms
  3001 | D:3      | Acquired Yredelemnul's fourth power
  3143 | D:4      | Reached XP level 6. HP: 31/44 MP: 9/9
  3500 | D:4      | Reached skill level 6 in Polearms
  3513 | D:4      | Found Hegu Diuboq's Antique Weapon Shop.
  3515 | D:4      | Noticed a phantom
  3522 | D:4      | Bought a glowing halberd for 108 gold pieces
  3544 | D:4      | Killed a phantom
  3565 | D:4      | Received a gift from Yredelemnul
  3650 | D:4      | Reached XP level 7. HP: 43/50 MP: 11/11
  3769 | D:4      | Reached skill level 7 in Polearms
  4214 | D:5      | Entered Level 5 of the Dungeon
  4653 | D:5      | Reached skill level 8 in Polearms
  5067 | D:5      | Reached XP level 8. HP: 56/56 MP: 12/12
  5116 | D:5      | Received a gift from Yredelemnul
  5274 | D:5      | Reached skill level 9 in Polearms
  5766 | D:6      | Found a staircase to the Ecumenical Temple.
  5936 | D:6      | Reached skill level 10 in Polearms
  6522 | D:6      | Reached XP level 9. HP: 61/61 MP: 14/14
  6856 | D:7      | Got a heavily runed chain mail
  6857 | D:7      | Identified the +6 chain mail of Geng {Dex+5 Int+2} (You found it on level 7 of the Dungeon)
  6907 | D:7      | Identified a wand of hasting {zapped: 1} (You found it on level 6 of the Dungeon)
  6925 | D:7      | Noticed Prince Ribbit
  6939 | D:7      | Killed Prince Ribbit
  6939 | D:7      | Reached skill level 11 in Polearms
  7388 | D:8      | Found a staircase to the Lair.
  7510 | D:8      | Reached skill level 2 in Armour
  7617 | D:8      | Reached skill level 3 in Armour
  7709 | D:8      | Got a pair of heavily runed gloves
  7710 | D:8      | Identified the cursed -2 pair of gloves of Indecent Exposure {+Blink Int+2} (You found it on level 8 of the Dungeon)
  7844 | D:8      | Reached skill level 4 in Armour
  7869 | D:8      | Reached skill level 5 in Armour
  8366 | D:9      | Reached skill level 6 in Armour
  8447 | D:9      | Reached XP level 10. HP: 48/67 MP: 15/15
  8672 | D:9      | Received a gift from Yredelemnul
  8751 | D:9      | Noticed a wizard
  8780 | D:9      | Killed a wizard
  8780 | D:9      | Reached skill level 7 in Armour
  8787 | D:9      | Noticed adzeitor's ghost (experienced SpEn)
  8841 | D:9      | Reached skill level 8 in Armour
  8990 | D:9      | Found a staircase to the Orcish Mines.
  9137 | D:9      | Found a burning altar of Makhleb.
  9268 | D:9      | Reached skill level 9 in Armour
  9293 | D:9      | Acquired Yredelemnul's fifth power
  9293 | D:9      | Received a gift from Yredelemnul
  9868 | D:9      | Received a gift from Yredelemnul
 10089 | D:10     | Entered Level 10 of the Dungeon
 10109 | D:10     | Noticed Erica
 10117 | D:10     | Killed Erica
 10336 | D:10     | Found a portal to a secret trove of treasure.
 10543 | D:10     | Reached skill level 10 in Armour
 10584 | D:10     | Killed an unseen horror
 10596 | D:10     | Killed an unseen horror
 10596 | D:10     | Reached skill level 11 in Armour
 10596 | D:10     | Reached XP level 11. HP: 30/72 MP: 17/17
 10871 | D:10     | Killed an unseen horror
 11117 | Lair:1   | Entered Level 1 of the Lair of Beasts
 11251 | Lair:1   | Reached skill level 12 in Armour
 11818 | Lair:1   | Reached skill level 2 in Dodging
 12114 | Lair:1   | Noticed a seven-headed hydra
 12132 | Lair:1   | Identified a -2 rod of inaccuracy (11/11) (You took it off an orc on level 9 of the Dungeon)
 12210 | Lair:1   | Received a gift from Yredelemnul
 12266 | Lair:1   | Reached skill level 3 in Dodging
 12397 | Lair:1   | Reached skill level 4 in Dodging
 13179 | D:10     | Noticed a hill giant
 13183 | D:10     | Noticed Fannar
 13196 | D:10     | Killed a hill giant
 13196 | D:10     | Reached skill level 5 in Dodging
 13248 | D:10     | Killed Fannar
 13248 | D:10     | Reached skill level 6 in Dodging
 13764 | D:11     | Noticed a hill giant
 13782 | D:11     | Killed a hill giant
 13782 | D:11     | Reached XP level 12. HP: 69/78 MP: 18/18
 13813 | D:11     | Noticed a white ugly thing
 13821 | D:11     | Reached skill level 7 in Dodging
 13829 | D:11     | Killed a white ugly thing
 14633 | D:11     | Reached skill level 8 in Dodging
 14813 | D:11     | Noticed a cyclops
 14857 | D:11     | Killed a cyclops
 15080 | D:11     | Noticed a hill giant
 15094 | D:11     | Killed a hill giant
 15217 | D:12     | Found Kutah's Magic Scroll Boutique.
 15226 | D:12     | Found Tiezank's Distillery.
 15241 | D:12     | Found a frozen archway.
 15253 | D:12     | Found a flagged portal.
 15267 | Bailey   | Entered a bailey
 15294 | Bailey   | Noticed l0ser140's ghost (experienced MiBe)
 15304 | Bailey   | Reached skill level 9 in Dodging
 15326 | Bailey   | Received a gift from Yredelemnul
 15375 | Bailey   | Killed l0ser140's ghost
 15426 | Bailey   | Received a gift from Yredelemnul
 15762 | IceCv    | Entered an ice cave
 17192 | IceCv    | Reached skill level 3 in Fighting
 17556 | IceCv    | Reached skill level 4 in Fighting
 17794 | D:12     | Bought a scroll of identify for 26 gold pieces
 17794 | D:12     | Bought a scroll of identify for 26 gold pieces
 17794 | D:12     | Bought a scroll of identify for 26 gold pieces
 17794 | D:12     | Bought a scroll of identify for 26 gold pieces
 17794 | D:12     | Bought a scroll of identify for 26 gold pieces
 17815 | D:12     | Bought a potion of agility for 35 gold pieces
 17815 | D:12     | Bought 2 potions of agility for 70 gold pieces
 17815 | D:12     | Bought a potion of might for 35 gold pieces
 17815 | D:12     | Bought a potion of might for 35 gold pieces
 17822 | D:12     | Found Tesa's Armour Shoppe.
 17868 | D:12     | Reached skill level 12 in Polearms
 17895 | D:12     | Found Friedaac's Assorted Antiques.
 17902 | D:12     | Bought an opal ring for 160 gold pieces
 17972 | D:12     | Reached skill level 5 in Fighting
 18000 | D:12     | Received a gift from Yredelemnul
 18032 | D:12     | Reached XP level 13. HP: 80/87 MP: 17/19
 18265 | D:12     | Noticed a four-headed hydra
 18277 | D:12     | Killed a five-headed hydra
 18316 | D:12     | Found a staircase to the Orcish Mines.
 18318 | D:12     | the staircase to the Orcish Mines was a mimic.
 18323 | D:12     | Reached skill level 6 in Fighting
 18333 | D:12     | Found Rauc's General Store.
 18367 | D:12     | Identified a potion of experience
 18368 | D:12     | Reached skill level 9 in Invocations
 18368 | D:12     | Reached XP level 14. HP: 61/96 MP: 19/27
 18371 | D:12     | Bought a scroll of identify for 32 gold pieces
 18736 | D:13     | Noticed Nessos
 18771 | D:13     | Killed Nessos
 18820 | D:13     | Got a fine halberd
 18821 | D:13     | Identified the +10 halberd "Cefutrom" {vamp, Stlth+} (You found it on level 13 of the Dungeon)
 19018 | D:13     | Reached skill level 7 in Fighting
 19238 | D:13     | Reached skill level 13 in Polearms
 19852 | D:14     | Noticed Louise
 19878 | D:14     | Killed Louise
 19878 | D:14     | Reached skill level 8 in Fighting
 20075 | D:14     | Found a gate to the Vaults.
 20483 | D:14     | Reached skill level 9 in Fighting
 20789 | D:14     | Reached skill level 14 in Polearms
 20845 | D:14     | Noticed Maud
 20859 | D:14     | Killed Maud
 20957 | D:14     | Your ally Maud died
 20996 | D:15     | Entered Level 15 of the Dungeon
 21199 | D:15     | Received a gift from Yredelemnul
 21229 | D:15     | Found a basalt altar of Yredelemnul.
 21320 | D:15     | Reached XP level 15. HP: 84/111 MP: 28/28
 22180 | D:15     | Received a gift from Yredelemnul
 22199 | D:15     | Found a staircase to the Depths.
 22208 | D:15     | Noticed a fire giant
 22252 | D:15     | Killed a fire giant
 22252 | D:15     | Reached skill level 10 in Dodging
 22490 | D:15     | Reached skill level 10 in Invocations
 23667 | Lair:1   | Killed a seven-headed hydra
 23814 | Lair:1   | Found a snail-covered altar of Cheibriados.
 24126 | Lair:2   | Reached skill level 11 in Invocations
 24134 | Lair:2   | Reached skill level 11 in Dodging
 24269 | Lair:2   | Identified 2 potions of resistance
 25022 | Lair:3   | Found a staircase to the Swamp.
 25405 | Lair:3   | Found a hole to the Spider Nest.
 25671 | Lair:3   | Identified Sif Muna's Collected Works on Aerial Combat Magic
 25947 | Lair:4   | Received a gift from Yredelemnul
 26024 | Lair:4   | Noticed Snorg
 26039 | Lair:4   | Killed Snorg
 26064 | Lair:4   | Reached skill level 12 in Invocations
 26089 | Lair:4   | Found a dark tunnel.
 26140 | Volcano  | Entered a volcano
 26150 | Volcano  | Reached skill level 12 in Dodging
 26167 | Volcano  | Reached XP level 16. HP: 95/118 MP: 31/31
 27159 | Lair:6   | Received a gift from Yredelemnul
 27490 | Lair:6   | Got a brightly glowing robe
 27643 | Lair:6   | Identified the -6 robe "Foshuaps" {Dex+5 Int+4} (You found it on level 6 of the Lair of Beasts)
 28118 | Lair:7   | Received a gift from Yredelemnul
 28149 | Lair:7   | Found a staircase to the Slime Pits.
 28150 | Lair:7   | Found a viscous altar of Jiyva.
 28324 | Lair:7   | Got a crude leather armour
 28336 | Lair:7   | Identified the +2 leather armour of Panentheism {+Blink +Rage rElec Int+4 Slay-3} (You found it on level 7 of the Lair of Beasts)
 28549 | Lair:7   | Received a gift from Yredelemnul
 29115 | Lair:8   | Entered Level 8 of the Lair of Beasts
 29115 | Lair:8   | Noticed l0ser140's ghost (powerful MiBe)
 29347 | Lair:8   | Reached skill level 13 in Invocations
 29551 | Lair:8   | Received a gift from Yredelemnul
 29555 | Lair:8   | Reached skill level 13 in Dodging
 29684 | Lair:8   | Killed l0ser140's ghost
 29711 | Lair:8   | Noticed Harold
 29736 | Lair:8   | Killed Harold
 29818 | Lair:8   | Got a twisted chain mail
 29821 | Lair:8   | Got an ancient tin amulet
 29830 | Lair:8   | Identified the cursed -2 chain mail "Kuerour" {MR+ Str+2 Dex+3} (You found it on level 8 of the Lair of Beasts)
 29831 | Lair:8   | Identified the amulet "Qiffol" {rCorr rC+} (You found it on level 8 of the Lair of Beasts)
 30466 | D:9      | Killed adzeitor's ghost
 30498 | Orc:1    | Entered Level 1 of the Orcish Mines
 30504 | Orc:1    | Received a gift from Yredelemnul
 30576 | Orc:1    | Received a gift from Yredelemnul
 30869 | Orc:1    | Received a gift from Yredelemnul
 31111 | Orc:2    | Found Fokhleh's Gadget Shoppe.
 31988 | Orc:3    | Received a gift from Yredelemnul
 32286 | Orc:4    | Entered Level 4 of the Orcish Mines
 32332 | Orc:4    | Found a staircase to the Elven Halls.
 32354 | Orc:4    | Found Tarugu's Jewellery Emporium.
 32384 | Orc:4    | Bought the ring of Roaf Lea {Str+2 Dex+3} for 270 gold pieces
 32384 | Orc:4    | Bought the ring "Psastrer" {+Inv rC+ rN+} for 561 gold pieces
 32593 | Orc:4    | Noticed Erolcha
 32597 | Orc:4    | Paralysed by Erolcha for 6 turns
 32602 | Orc:4    | Killed Erolcha
 32614 | Orc:4    | Reached skill level 10 in Fighting
 32617 | Orc:4    | Found Ecvisk's Antique Armour Shoppe.
 32625 | Orc:4    | Bought a glowing troll leather armour for 450 gold pieces
 32706 | Orc:4    | Found Jiqied's General Store.
 32726 | Orc:4    | Bought 2 potions of agility for 60 gold pieces
 32924 | Orc:4    | Found a roughly hewn altar of Beogh.
 32931 | Orc:4    | Received a gift from Yredelemnul
 32951 | Orc:4    | Found Cahiat's Antique Weapon Shop.
 33047 | Elf:1    | Entered Level 1 of the Elven Halls
 33289 | Elf:1    | Reached XP level 17. HP: 126/126 MP: 32/32
 33291 | Elf:1    | Reached skill level 11 in Fighting
 33319 | Elf:1    | Received a gift from Yredelemnul
 34225 | Elf:1    | Received a gift from Yredelemnul
 34748 | Swamp:1  | Entered Level 1 of the Swamp
 34905 | Swamp:1  | Reached skill level 12 in Fighting
 35002 | Swamp:1  | Received a gift from Yredelemnul
 35012 | Swamp:1  | Reached skill level 14 in Invocations
 35291 | D:10     | You paid a toll of 2 potions of cure mutation to enter a treasure trove
 35292 | Trove    | Entered a treasure trove
 35314 | Trove    | Got a dazzling helmet
 35320 | Trove    | Identified the +0 helmet of Mental Paralysis {rC++} (You found it in a treasure trove)
 35347 | Trove    | Got a pair of slimy boots
 35353 | Trove    | Identified the -3 pair of boots of Supple Strength {Slay+5 Stlth--} (You found it in a treasure trove)
 35362 | Trove    | Got a pair of fine boots
 35368 | Trove    | Identified the +4 pair of boots "Pnih" {Str+4} (You found it in a treasure trove)
 35371 | Trove    | Got a pair of faintly humming gloves
 35377 | Trove    | Identified the +1 pair of gloves of Courage {+Blink} (You found it in a treasure trove)
 35412 | Trove    | Got a jewelled plate armour
 35423 | Trove    | Identified the +4 plate armour "Tesylun" {Str+2 Dex+2 Int+3} (You found it in a treasure trove)
 36635 | Swamp:3  | Noticed Asterion
 36650 | Swamp:3  | Killed Asterion
 36650 | Swamp:3  | Enslaved Asterion
 36678 | Swamp:3  | Received a gift from Yredelemnul
 36909 | Swamp:4  | Noticed Aizul
 36917 | Swamp:4  | Killed Aizul
 36917 | Swamp:4  | Enslaved Aizul
 36917 | Swamp:4  | Your ally Asterion died
 37023 | Swamp:4  | Gained mutation: Your mind is acute. (Int +2) [potion of beneficial mutation]
 37362 | Swamp:5  | Entered Level 5 of the Swamp
 37562 | Swamp:5  | Received a gift from Yredelemnul
 37565 | Swamp:5  | Reached skill level 14 in Dodging
 37565 | Swamp:5  | Your ally Aizul died
 37569 | Swamp:5  | Noticed the 27-headed Lernaean hydra
 37571 | Swamp:5  | Reached skill level 13 in Fighting
 37572 | Swamp:5  | Received a gift from Yredelemnul
 37839 | Swamp:5  | Killed the 27-headed Lernaean hydra
 37893 | Swamp:5  | Received a gift from Yredelemnul
 37974 | Swamp:5  | Got a decaying rune of Zot
 38288 | Spider:1 | Entered Level 1 of the Spider Nest
 38656 | Spider:2 | Reached XP level 18. HP: 70/140 MP: 33/33
 38676 | Spider:2 | Received a gift from Yredelemnul
 38816 | Spider:3 | Noticed Kirke
 38827 | Spider:3 | Killed Kirke
 38941 | Spider:5 | Entered Level 5 of the Spider Nest
 38944 | Spider:5 | Received a gift from Yredelemnul
 38944 | Spider:5 | Received a gift from Yredelemnul
 39314 | Spider:5 | Reached skill level 15 in Dodging
 39328 | Spider:5 | Received a gift from Yredelemnul
 39351 | Spider:5 | Reached skill level 14 in Fighting
 39352 | Spider:5 | Received a gift from Yredelemnul
 39415 | Spider:5 | Received a gift from Yredelemnul
 39467 | Spider:5 | Got a gossamer rune of Zot
 39646 | Spider:3 | Received a gift from Yredelemnul
 40083 | Vaults:1 | Entered Level 1 of the Vaults
 40107 | Vaults:1 | Got a jewelled plate armour
 40118 | Vaults:1 | Identified the +7 plate armour of the Valley of Death {+Blink rF+} (You found it on level 1 of the Vaults)
 40377 | Vaults:1 | Received a gift from Yredelemnul
 40564 | Vaults:1 | Noticed Saint Roka
 40593 | Vaults:1 | Killed Saint Roka
 40593 | Vaults:1 | Enslaved Saint Roka
 40686 | Vaults:1 | Received a gift from Yredelemnul
 41058 | Vaults:1 | Reached skill level 16 in Dodging
 41074 | Vaults:1 | Reached skill level 15 in Fighting
 41075 | Vaults:1 | Received a gift from Yredelemnul
 41083 | Vaults:1 | Your ally Saint Roka died
 41529 | Vaults:1 | Reached XP level 19. HP: 110/151 MP: 34/34
 42358 | Vaults:2 | Got a heavily runed ivory ring
 42359 | Vaults:2 | Identified the ring of Gozag's Delight {Str+3 Dex+3} (You found it on level 2 of the Vaults)
 42503 | Vaults:2 | Found Nyucolu's Food Emporium.
 42517 | Vaults:2 | Found Klottyxt's General Store.
 42602 | Vaults:2 | Found a staircase to the Crypt.
 42746 | Vaults:2 | Bought a potion of agility for 35 gold pieces
 42746 | Vaults:2 | Bought a scroll of brand weapon for 280 gold pieces
 42822 | Vaults:2 | Found Ucixkuf's Distillery.
 42823 | Vaults:2 | Found a deep blue altar of Sif Muna.
 42830 | Vaults:2 | Received a gift from Yredelemnul
 42838 | Vaults:2 | Bought a potion of curing for 42 gold pieces
 42838 | Vaults:2 | Bought a potion of agility for 52 gold pieces
 42838 | Vaults:2 | Bought a potion of curing for 42 gold pieces
 42838 | Vaults:2 | Bought a potion of resistance for 147 gold pieces
 42838 | Vaults:2 | Bought a potion of haste for 147 gold pieces
 42838 | Vaults:2 | Bought a potion of curing for 42 gold pieces
 42973 | Vaults:2 | Reached skill level 17 in Dodging
 42995 | Vaults:2 | Reached skill level 16 in Fighting
 43004 | Vaults:2 | Received a gift from Yredelemnul
 43292 | Vaults:2 | Received a gift from Yredelemnul
 43464 | Vaults:2 | Found Qiepsakh's Distillery.
 43471 | Vaults:2 | Bought a potion of curing for 32 gold pieces
 43471 | Vaults:2 | Bought a potion of berserk rage for 48 gold pieces
 43471 | Vaults:2 | Bought a potion of magic for 88 gold pieces
 43471 | Vaults:2 | Bought a potion of restore abilities for 48 gold pieces
 43471 | Vaults:2 | Bought a potion of might for 40 gold pieces
 43471 | Vaults:2 | Bought a potion of heal wounds for 48 gold pieces
 43471 | Vaults:2 | Bought a potion of resistance for 112 gold pieces
 43471 | Vaults:2 | Bought a potion of curing for 32 gold pieces
 43930 | Vaults:3 | Received a gift from Yredelemnul
 44022 | Vaults:3 | Paralysed by an ogre mage for 3 turns
 44027 | Vaults:3 | Paralysed by a red wasp for 3 turns
 44034 | Vaults:3 | Received a gift from Yredelemnul
 44115 | Vaults:3 | Received a gift from Yredelemnul
 44119 | Vaults:3 | Reached skill level 15 in Polearms
 44150 | Vaults:3 | Identified Epren's Catalogue of Boosts
 44340 | Vaults:3 | Reached XP level 20. HP: 159/161 MP: 35/35
 44842 | Vaults:3 | Received a gift from Yredelemnul
 45049 | Vaults:4 | Received a gift from Yredelemnul
 45129 | Vaults:4 | Reached skill level 16 in Polearms
 45247 | Vaults:4 | Received a gift from Yredelemnul
 45508 | Vaults:4 | Received a gift from Yredelemnul
 46214 | Vaults:5 | Entered Level 5 of the Vaults
 46229 | Vaults:4 | Received a gift from Yredelemnul
 46239 | Vaults:4 | Reached skill level 17 in Polearms
 46499 | Vaults:4 | Received a gift from Yredelemnul
 46620 | Vaults:5 | Cast into the Abyss (deep elf demonologist)
 46620 | Abyss:1  | Found a corrupted altar of Lugonu.
 46658 | Abyss:1  | Gained mutation: Armour fits poorly on your strangely shaped body. [a neqoxec]
 47359 | Abyss:2  | Found a corrupted altar of Lugonu.
 47515 | Abyss:2  | Noticed a bone dragon
 47547 | Abyss:2  | Killed a bone dragon
 47547 | Abyss:2  | Reached skill level 18 in Polearms
 47582 | Vaults:5 | Escaped the Abyss
 47587 | Vaults:4 | Reached XP level 21. HP: 75/167 MP: 35/35
 47588 | Vaults:4 | Received a gift from Yredelemnul
 48137 | Vaults:5 | Reached skill level 13 in Armour
 48142 | Vaults:5 | Noticed a golden dragon
 48152 | Vaults:5 | Killed a golden dragon
 48249 | Vaults:5 | Received a gift from Yredelemnul
 48292 | Vaults:5 | Reached skill level 14 in Armour
 48422 | Vaults:5 | Received a gift from Yredelemnul
 48438 | Vaults:5 | Got a silver rune of Zot
 48514 | Vaults:5 | Received a gift from Yredelemnul
 48537 | Vaults:5 | Reached skill level 15 in Armour
 48538 | Vaults:5 | Received a gift from Yredelemnul
 48626 | Vaults:5 | Got a pearl-encrusted plate armour
 48627 | Vaults:5 | Identified the +3 plate armour "Suskat" {Dex-2} (You found it on level 5 of the Vaults)
 49072 | Vaults:5 | Received a gift from Yredelemnul
 49550 | Vaults:5 | Received a gift from Yredelemnul
 49905 | Depths:1 | Entered Level 1 of the Depths
 49920 | Depths:1 | Reached skill level 16 in Armour
 50037 | Depths:1 | Reached XP level 22. HP: 147/174 MP: 31/36
 50184 | Depths:1 | Received a gift from Yredelemnul
 50300 | Depths:1 | Found a gateway to Hell.
 50391 | Depths:1 | Reached skill level 17 in Armour
 50547 | Depths:1 | Found a one-way gate to the infinite horrors of the Abyss.
 50585 | Depths:1 | Received a gift from Yredelemnul
 50896 | Depths:2 | Received a gift from Yredelemnul
 50983 | Depths:2 | Paralysed by something for 7 turns
 50988 | Depths:2 | HP: 16/174 [something (7)]
 50989 | Depths:2 | HP: 4/174 [something (13)]
 50990 | Depths:2 | HP: 1/174 [something (3)]
 50990 | Depths:2 | Mangled by a vampire knight

Vanquished Creatures
  A bone dragon (Abyss:2)
  A titan (Vaults:5)
  A tengu reaver (Vaults:4)
  A lich (Vaults:2)
  A shadow dragon (Vaults:5)
  2 tentacled starspawn
  A frost giant (Vaults:5)
  4 fire giants
  A deep elf sorcerer (Vaults:5)
  4 emperor scorpions
  6 vault wardens
  2 very ugly things (Depths:1)
  A deep elf demonologist (Vaults:5)
  8 stone giants
  A war gargoyle (Vaults:5)
  A dire elephant (Depths:1)
  2 deep elf annihilators
  A deep elf death mage (Vaults:5)
  9 vault guards
  5 ettins
  2 fire dragons (Vaults:1)
  5 ironheart preservers
  8 yaktaur captains
  2 hydras
  Fannar (D:10)
  2 ice dragons (Depths:1)
  A ghost crab (shapeshifter) (D:15)
  2 deep troll earth magi (Depths:1)
  10 ogre magi
  A shambling mangrove (Swamp:3)
  8 death yaks
  A deep troll shaman (Depths:1)
  2 alligators
  5 centaur warriors
  5 tengu warriors
  A hell hog (Abyss:1)
  7 skeletal warriors
  4 deep trolls
  An orb spider (Spider:5)
  5 deep elf knights
  A shadow demon (Abyss:2)
  A spriggan druid (Swamp:4)
  2 ice devils (IceCv)
  A swamp dragon (Swamp:5)
  9 unseen horrors
  3 deep elf summoners
  A fire crab (shapeshifter) (D:14)
  2 ice statues (IceCv)
  2 flayed ghosts
  4 hill giants
  The ghost of adzeitor the Covert, an experienced SpEn (D:9)
  2 necromancers
  6 large abominations
  A lindwurm (Lair:4)
  A harpy (Vaults:3)
  7 ironbrand convokers
  4 deep elf conjurers
  A wizard (D:9)
  21 ugly things
  3 wolf spiders
  4 orc knights
  2 orc sorcerers
  3 salamanders
  2 griffons
  4 red wasps
  3 black mambas
  16 elephants
  5 vault sentinels
  7 cyclopes
  A centaur zombie (D:14)
  14 spiny frogs
  4 torpor snails (Lair:1)
  9 yaktaurs
  3 basilisks
  5 komodo dragons
  5 deep elf priests
  3 fire drakes
  3 demonic crawlers
  14 two-headed ogres
  4 blue devils
  A polar bear (shapeshifter) (Abyss:1)
  4 jumping spiders (Spider:5)
  3 giant leeches
  4 freezing wraiths
  A tengu conjurer (Depths:2)
  A baby alligator (Swamp:1)
  3 polar bears (Lair:3)
  A raiju (shapeshifter) (Depths:2)
  8 blink frogs
  8 ravens
  5 slime creatures
  8 trolls
  A fire dragon zombie (Abyss:1)
  A boulder beetle (Vaults:1)
  A blink frog (shapeshifter) (D:14)
  2 human simulacra
  3 hogs
  2 human skeletons
  A human (D:8)
  2 tarantellas
  4 trapdoor spiders
  8 redbacks
  5 wraiths
  21 yaks
  2 vampires
  12 vampire mosquitoes
  A shadow (D:14)
  2 water elementals
  3 chaos spawn
  9 deep elf fighters
  2 wyverns
  12 deep elf magi
  7 hippogriffs
  4 wargs
  A neqoxec (Abyss:1)
  2 hungry ghosts
  A golden eye (Abyss:1)
  A steam dragon (Lair:7)
  5 swamp worms
  4 soldier ants (D:12)
  A soldier ant (shapeshifter) (Abyss:2)
  6 porcupines
  3 wolves
  5 swamp drakes
  3 water moccasins
  15 ice beasts
  7 small abominations
  2 spiders
  23 orc warriors
  2 phantoms
  4 black bears
  4 sky beasts
  4 yellow wasps
  17 centaurs
  32 ogres
  13 crocodiles
  A manticore skeleton (D:15)
  A boring beetle (Lair:5)
  16 giant frogs
  A big kobold (D:10)
  5 insubstantial wisps
  A cyclops skeleton (D:10)
  2 scorpions
  7 killer bees
  A yaktaur simulacrum (Vaults:1)
  3 crimson imps
  2 goliath beetles (D:6)
  2 quasits
  A basilisk zombie (D:11)
  6 starcursed masses (Abyss:1)
  An electric eel (Lair:3)
  A centaur skeleton (D:10)
  11 hounds
  18 orc priests
  9 iguanas
  25 orc wizards
  A giant frog skeleton (D:7)
  An orange rat (Elf:1)
  A jelly (D:5)
  17 gnolls
  A kobold skeleton (D:14)
  25 worker ants
  7 sheep
  A mottled dragon zombie (D:10)
  2 hound skeletons
  18 adders
  27 green rats
  3 shadow imps
  2 giant mites
  7 white imps
  2 worms (D:2)
  5 ufetubi
  An adder skeleton (D:5)
  An iguana skeleton (D:4)
  5 giant geckos
  An ooze (D:4)
  116 orcs
  2 ball pythons
  3 giant cockroaches
  22 goblins
  23 hobgoblins
  4 jackals (D:6)
  26 kobolds
  10 quokkas
  16 bats
  5 giant newts
  A giant spore (D:9)
  A hobgoblin skeleton (D:4)
  A hobgoblin zombie (D:6)
  A kobold zombie (D:5)
  54 rats
  3 rat skeletons
  6 ballistomycetes
  A fungus (Swamp:1)
1154 creatures vanquished.

Vanquished Creatures (collateral kills)
  the Lernaean hydra (Swamp:5)
  A golden dragon (Vaults:5)
  2 tentacled monstrosities
  3 titans (Vaults:5)
  3 liches
  2 quicksilver dragons
  2 storm dragons
  5 tengu reavers (Vaults:5)
  2 sphinxes (Vaults:5)
  Kirke (Spider:3)
  2 shadow dragons
  3 fire giants
  Maud (D:14)
  5 vault wardens
  Louise (D:14)
  3 emperor scorpions
  2 frost giants
  2 deep elf sorcerers
  A ghost moth (Spider:5)
  A very ugly thing (Vaults:3)
  A war gargoyle (Vaults:5)
  The ghost of l0ser140 the Severer, a powerful MiBe of Trog (Lair:8)
  A deep elf demonologist (Vaults:2)
  8 stone giants
  A deep elf annihilator (Vaults:5)
  6 ettins
  A white draconian (shapeshifter) (Vaults:5)
  2 deep elf death magi
  Snorg (Lair:4)
  22 vault guards
  3 fire dragons
  11 ironheart preservers
  A minotaur (Depths:1)
  8 yaktaur captains
  A crystal guardian (Vaults:3)
  6 ogre magi
  An ice dragon (Vaults:4)
  A great orb of eyes (Vaults:5)
  Harold (Lair:8)
  17 hydras
  A ravenous item mimic (Swamp:4)
  Nessos (D:13)
  8 harpies
  8 centaur warriors
  Erica (D:10)
  A shambling mangrove (Swamp:2)
  4 death yaks (Depths:1)
  A deep troll earth mage (Vaults:1)
  A spriggan berserker (Depths:2)
  2 alligators
  A deep troll shaman (Vaults:1)
  The ghost of l0ser140 the Cleaver, an experienced MiBe of Trog (Bailey)
  A titan zombie (Vaults:5)
  An orc high priest (Orc:4)
  5 deep elf knights (Elf:1)
  A salamander mystic (Volcano)
  Erolcha (Orc:4)
  6 deep trolls
  13 orb spiders
  2 skeletal warriors
  2 giant orange brains
  3 deep elf summoners
  7 unseen horrors
  5 hill giants
  11 swamp dragons
  A lindwurm (Spider:3)
  A wizard (Vaults:3)
  13 wolf spiders
  A tengu zombie (Vaults:5)
  9 ironbrand convokers
  A hill giant (shapeshifter) (Vaults:5)
  8 orc knights
  8 cyclopes
  2 necromancers
  19 ugly things
  A human zombie (Vaults:2)
  2 griffons
  2 red wasps
  A phantasmal warrior (Vaults:5)
  A moth of wrath (Spider:5)
  3 deep elf conjurers
  8 elephants
  An octopode (shapeshifter) (Vaults:4)
  4 salamanders (Volcano)
  12 vault sentinels
  A fire giant skeleton (Vaults:5)
  15 spiny frogs
  2 frost giant skeletons
  A stone giant skeleton (Vaults:5)
  A torpor snail (Spider:5)
  A storm dragon simulacrum (Vaults:2)
  A feature mimic (D:12)
  An iron devil (Vaults:2)
  A queen ant (D:12)
  A fire drake (Lair:8)
  A queen bee (Spider:1)
  5 demonic crawlers
  A blue devil (Vaults:1)
  16 yaktaurs
  A silent spectre (Vaults:2)
  2 tengu conjurers
  A freezing wraith (Vaults:2)
  A baby alligator (shapeshifter) (Vaults:3)
  14 two-headed ogres
  4 deep elf priests
  2 trolls
  6 jumping spiders
  A polar bear (Lair:3)
  3 boulder beetles
  12 ravens
  Prince Ribbit (D:7)
  2 baby alligators (Swamp:1)
  7 blink frogs
  3 bog bodies
  A red wasp zombie (Spider:5)
  7 giant leeches
  A hydra skeleton (D:15)
  15 slime creatures
  A jumping spider zombie (Spider:5)
  4 spriggans
  2 shadows
  An air elemental (Vaults:5)
  11 redbacks
  6 trapdoor spiders
  6 tarantellas
  25 yaks
  9 deep elf magi
  3 hogs (Spider:3)
  A hippogriff (D:6)
  2 wargs (Vaults:3)
  14 deep elf fighters
  A golden eye (shapeshifter) (Vaults:4)
  33 vampire mosquitoes
  A hydra simulacrum (D:15)
  A chaos spawn (Depths:1)
  6 soldier ants (D:12)
  15 swamp worms
  8 water moccasins
  2 wolves (Lair:8)
  A water moccasin (shapeshifter) (Vaults:5)
  5 yellow wasps
  A soldier ant (shapeshifter) (Vaults:1)
  2 ice beasts
  6 spiders
  8 swamp drakes
  14 orc warriors
  15 centaurs
  An ettin simulacrum (Vaults:1)
  3 boggarts (Vaults:1)
  3 black bears (Lair:3)
  30 ogres
  A sky beast (D:13)
  3 crocodiles
  A boring beetle (shapeshifter) (D:14)
  A big kobold (D:10)
  10 giant frogs
  17 insubstantial wisps
  A scorpion (Spider:5)
  An orc simulacrum (D:14)
  33 killer bees
  4 electric eels
  A hound (D:9)
  3 crimson imps
  8 orc priests
  A jelly (D:11)
  14 orc wizards
  7 orange rats
  27 worker ants
  2 sheep (D:8)
  An ogre zombie (D:11)
  59 orcs
  A mummy (D:11)
  7 adders
  3 gnolls
  2 shadow imps
  10 green rats
  A white imp (D:14)
  5 worms
  2 giant geckos
  6 goblins
  5 hobgoblins
  An ooze (D:3)
  2 quokkas
  4 bats
  A giant spore (D:13)
  7 kobolds
  A rat (D:6)
  A ballistomycete (D:13)
  2 crawling corpses (Elf:1)
  13 fungi
  6 plants
971 creatures vanquished.

Vanquished Creatures (others)
  A profane servitor (Spider:5)
  7 bone dragons
  A fire giant (Vaults:5)
  A ghost moth (Spider:5)
  A spectral orc (Vaults:1)
  7 ghouls
  A spectral titan (Vaults:5)
  A quicksilver dragon zombie (Vaults:5)
  A spectral elf (Vaults:2)
  8 death cobs
  An ogre mage (Vaults:4)
  A spectral guardian serpent (Swamp:5)
  7 skeletal warriors
  8 flayed ghosts
  4 ugly thing zombies
  A sphinx zombie (Vaults:5)
  2 wolf spider zombies (Spider:5)
  A frost giant zombie (Vaults:5)
  2 ugly things
  2 fire giant zombies
  5 phantasmal warriors
  12 yaktaur zombies
  3 death yak zombies (Depths:1)
  A redback zombie (Vaults:4)
  A ghoul skeleton (Swamp:5)
  4 harpy zombies
  2 hydra zombies (Swamp:5)
  21 human zombies
  A two-headed ogre (Vaults:4)
  5 deep troll zombies
  2 red wasp zombies
  A tarantella zombie (Vaults:4)
  A jumping spider zombie (Spider:5)
  A raven (Depths:2)
  5 vampires
  2 ettin zombies (Vaults:5)
  2 fire dragon zombies
  A griffon zombie (D:14)
  A water elemental (Vaults:5)
  12 flying skulls
  A human skeleton (Vaults:4)
  A tarantella (Spider:2)
  A wraith (Lair:8)
  A fire elemental (Vaults:5)
  A giant leech zombie (Lair:8)
  7 raven zombies
  3 spiny frog zombies (Lair:8)
  A swamp dragon zombie (Swamp:5)
  2 ogre skeletons (Vaults:5)
  3 elephant zombies
  3 ogres
  A boggart (Vaults:1)
  5 elf zombies
  11 vampire mosquito zombies
  10 blink frog zombies
  2 lost souls
  A salamander zombie (Volcano)
  A torpor snail zombie (Lair:1)
  A spider zombie (Spider:5)
  An earth elemental (Spider:5)
  3 hippogriff zombies
  3 water moccasin zombies
  7 troll zombies
  A tengu zombie (D:13)
  6 yak zombies (Lair:8)
  2 wights
  3 wolf zombies
  A crimson imp (D:9)
  2 yellow wasp zombies
  7 giant frog zombies
  11 centaur zombies
  2 black bear zombies (Lair:3)
  8 two-headed ogre zombies
  A porcupine zombie (Lair:3)
  5 killer bee zombies (Spider:1)
  2 crocodile zombies
  24 ogre zombies
  A crocodile skeleton (Lair:3)
  A hound zombie (D:9)
  3 mummies
  5 worker ant zombies
  A swamp drake zombie (Swamp:5)
  3 white imps (IceCv)
  A goliath beetle zombie (D:6)
  7 ufetubi
  An electric eel zombie (Lair:8)
  An iguana zombie (D:9)
  2 sheep zombies (Lair:1)
  6 adder zombies
  A giant cockroach zombie (D:2)
  A giant newt zombie (D:2)
  A giant spore (D:9)
  2 goblin zombies
  5 green rat zombies
  8 hobgoblin zombies
  A jackal zombie (D:6)
  7 kobold zombies
  48 orc zombies
  A quokka skeleton (Lair:1)
  3 quokka zombies
  3 rat skeletons
  8 rat zombies
  A ballistomycete (D:9)
  14 fungi
  13 plants
  4 starspawn tentacles
439 creatures vanquished.

Grand Total: 2564 creatures vanquished
